 Dungeon Crawl Stone Soup version 0.21.1-1-g345015fe64 (webtiles) character file.

63 Sweet the Covered (level 4, -4/40 HPs)
             Began as a Hill Orc Fighter on June 3, 2018.
             Slain by a goblin
             ... wielding a +0 club
              (5 damage)
             ... on level 2 of the Dungeon.
             The game lasted 00:10:38 (1400 turns).

Sweet the Covered (Hill Orc Fighter)                Turns: 1400, Time: 00:10:39

Health: -4/40      AC:  0    Str: 19    XL:     4   Next: 9%
Magic:  4/4        EV: 14    Int:  8    God:
Gold:   35         SH:  0    Dex: 15    Spells: 3/3 levels left

rFire    . . .     SeeInvis .   (weapon currently unavailable)
rCold    . . .     Gourm    .   (shield currently unavailable)
rNeg     . . .     Faith    .   (armour currently unavailable)
rPois    .         Spirit   .   (helmet currently unavailable)
rElec    .         Reflect  .   (cloak currently unavailable)
rCorr    .         Harm     .   (gloves currently unavailable)
MR       .....                  (boots currently unavailable)
Stlth    +.........             (no amulet)
HPRegen  0.13/turn              (ring currently unavailable)
MPRegen  0.09/turn              (ring currently unavailable)

@: bat-form, flying, constricted, very quick
A: tiny
a: no special abilities


You were on level 2 of the Dungeon.
You were hungry.
You were in bat-form.
You visited 1 branch of the dungeon, and saw 2 of its levels.

You collected 35 gold pieces.

Inventory:

Hand Weapons
 a - a +0 war axe
 h - a +0 hand axe (melded)
Armour
 b - a +0 scale mail (melded)
 c - a +0 shield (melded)
 e - a +0 chain mail
Jewellery
 j - a +1 ring of protection {unknown}
Scrolls
 i - 2 scrolls of identify {unknown}
Potions
 d - a potion of might
 g - 2 potions of flight {unknown}
Comestibles
 f - 5 rations


   Skills:
 + Level 4.0 Fighting
 + Level 3.6 Axes
 + Level 4.1 Armour
 + Level 0.1 Dodging
 + Level 0.2 Stealth
 + Level 3.7 Shields


You had 3 spell levels left.
You didn't know any spells.

Dungeon Overview and Level Annotations

Branches:
Dungeon (2/15)

Altars:
Wu Jian

Annotations:
D:2 Terence


Message History

Terence is moderately wounded.
The ball python barely misses you. The ball python constricts you.
The goblin hits you with a club.
* * * LOW HITPOINT WARNING * * *
You hit Terence but do no damage.
Terence is moderately wounded.
The ball python bites you.
* * * LOW HITPOINT WARNING * * *
x2 The ball python constricts you.
Terence completely misses you. The goblin hits you with a club.
* * * LOW HITPOINT WARNING * * *
The kobold misses you. The ball python bites you.
* * * LOW HITPOINT WARNING * * *
x2 The ball python constricts you.
You hit Terence but do no damage.
Terence is moderately wounded.
Terence misses you. The ball python barely misses you.
* * * LOW HITPOINT WARNING * * *
The ball python constricts you. The goblin hits you with a club.
You die...

(.. .......##..........
.. ...................
.. ...................
..
..................#+##..
...............##....#..
........................
.......g.......##.......
......@b............#...
......SK.....#....###'##
..................#.....
.........#..<.....#.....
........................
........................
...................####.
........................
.....####.


You could see Terence, a goblin, a ball python and a kobold.

Vanquished Creatures
  3 adders (D:2)
  2 dart slugs (D:1)
  2 bats (D:1)
  A giant cockroach (D:1)
  4 goblins
  3 hobgoblins
  4 jackals
  4 kobolds
  2 frilled lizards (D:1)
  8 rats
33 creatures vanquished.

Notes
Turn   | Place    | Note
-------+----------+-------------------------------------------
     0 | D:1      | Sweet the Hill Orc Fighter began the quest for the Orb.
     0 | D:1      | Reached XP level 1. HP: 19/19 MP: 1/1
   410 | D:1      | Reached XP level 2. HP: 27/27 MP: 2/2
   975 | D:1      | Reached XP level 3. HP: 33/33 MP: 3/3
  1095 | D:2      | Found an ornate altar of the Wu Jian Council.
  1377 | D:2      | Reached XP level 4. HP: 28/40 MP: 4/4
  1384 | D:2      | Noticed Terence
  1399 | D:2      | HP: 2/40 [ball python (1)]
  1400 | D:2      | Slain by a goblin

Skill      XL: |  1  2  3 |
---------------+----------+-----
Axes           | 3 |  3.6
Armour         | 4 |  4.1
Fighting       | 4 |  4.0
Dodging        | |  0.1
Stealth        | |  0.2
Shields        | |  3.7

Action                   |  1- 3 |  4- 6 || total
-------------------------+-------+-------++-------
Melee: War axe           |    19 |       ||    19
       Hand axe          |    68 |     6 ||    74
       Unarmed           |       |     8 ||     8
  Eat: Chunk             |     1 |       ||     1
Armor: Scale mail        |    33 |     3 ||    36
Dodge: Dodged            |    26 |    13 ||    39
Block: Shield            |    45 |     2 ||    47
